 Dungeon Crawl Stone Soup version 0.31-a0-764-g8440623082 (webtiles) character file.

Game seed: 69967653388906142

19 GordonOverkill the Sneak (level 2, -10/19 HPs)
             Began as a Deep Elf Delver on Sept 15, 2023.
             Mangled by an iguana (12 damage)
             ... on level 6 of the Dungeon.
             The game lasted 00:03:28 (515 turns).

GordonOverkill the Sneak (Deep Elf Delver)           Turns: 515, Time: 00:03:28

Health: -10/19     AC:  4    Str:  9    XL:     2   Next: 55%
Magic:  6/6        EV: 12    Int: 14    God:
Gold:   19         SH:  0    Dex: 16    Spells: 4/4 levels left

rFire   . . .        e - +3 whip (elec)
rCold   . . .        (no shield)
rNeg    . . .        b - +1 leather armour
rPois   .            (no helmet)
rElec   .            (no cloak)
rCorr   .            (no gloves)
SInv    .            (no boots)
Will    .....        (no amulet)
Stlth   +++          (no ring)
HPRegen 0.23/turn    (no ring)
MPRegen 0.10/turn

%: no passive effects
@: no status effects
A: no striking features
a: no special abilities


You were on level 6 of the Dungeon.
You visited 1 branch of the dungeon, and saw 3 of its levels.

You collected 19 gold pieces.

Inventory:

Hand Weapons
 a - a +0 short sword
 e - a +3 whip of electrocution (weapon)
Missiles
 h - 2 poisoned darts
Armour
 b - a +1 leather armour (worn)
 k - a +0 ring mail
Wands
 g - a wand of digging (3)
Scrolls
 c - a scroll of fog
 d - a scroll of revelation
 i - 2 scrolls of enchant armour
 j - 3 scrolls of identify {unknown}


   Skills:
 - Level 3.0 Fighting
 - Level 2.0 Short Blades
 + Level 0.0 Maces & Flails
 - Level 2.4 Dodging
 - Level 6.0 Stealth
 - Level 1.7 Spellcasting


You had 4 spell levels left.
You didn't know any spells.
Your spell library was empty.

Dungeon Overview and Level Annotations

Branches:
Dungeon (7/15)
 Temple: D:4-7

Altars:
Gozag

Annotations:
D:5 exclusion: iguana, Ijyb


Message History

You closely miss the orc.
The orc is heavily wounded.
The orc closely misses you.
You closely miss the orc.
The orc is heavily wounded.
The orc hits you with a +3 whip of electrocution.
You hit the orc.
You kill the orc!
The iguana hisses angrily.
You see here a +3 whip of electrocution.
You see here a +3 whip of electrocution.
e - a +3 whip of electrocution You hear the crackle of electricity.
e - a +3 whip of electrocution (weapon)
You barely miss the iguana. The iguana bites you!
* * * LOW HITPOINT WARNING * * *
The orc shouts!
You hit the iguana.
The iguana is lightly wounded.
The iguana misses you.
You closely miss the iguana.
The iguana is lightly wounded.
The iguana bites you but does no damage.
You barely miss the iguana.
The iguana is lightly wounded.
The iguana bites you.
* * * LOW HITPOINT WARNING * * *
Okay, then.
You aren't carrying any potions.
As you read the scroll labelled APIHUO SOAFFEYCRUPS, it crumbles to dust.
It is a scroll of enchant armour.
Your +0 leather armour glows green for a moment.
The iguana closely misses you. The orc hits you with a +0 dagger.
* * * LOW HITPOINT WARNING * * *
The iguana attacks as it pursues you! The iguana closely misses you.
The orc attacks as it pursues you! The orc hits you but does no damage.
The iguana attacks as it pursues you! The iguana bites you!
Ouch! That really hurt!
You die...

#.....###..## ##..#
....$....## ##..##
##..........##..#.#
###..............##.#
......#######..o##.#
#...## ##..##.# #....##
##.##.# ###..#..# ##.###
##..@##..########.# #
###...l###..o.o..o..##
...##.>....o###...#####..#
.............###..## #..##
..#...........##..## ##..#
#.......##.......###..###
##.....#####..........#.#
#.....# ##.......).#..#
##...## #..###...[<####


You could see an iguana and an orc.

Vanquished Creatures
  An adder (D:6)
  5 orcs
6 creatures vanquished.

Notes
Turn   | Place    | Note
-------+----------+-------------------------------------------
     0 | D:5      | GordonOverkill the Deep Elf Delver began the quest for the
                  | Orb.
     0 | D:5      | Reached XP level 1. HP: 13/13 MP: 3/3
    34 | D:6      | Noticed an iguana
   122 | D:5      | Found an opulent altar of Gozag.
   130 | D:5      | Noticed an iguana
   308 | D:5      | Noticed Ijyb
   434 | D:6      | Reached skill level 1 in Spellcasting
   434 | D:6      | Reached XP level 2. HP: 10/19 MP: 3/5
   515 | D:6      | Mangled by an iguana

Illustrated notes

Levels and vault maps discovered:
D:5:      nicolae_cairo_tiling_large_dashed, layout_basic,
          mainiacjoe_overflow_catwalk, minmay_temple_entry_junction_2,
          serial_shops, shop, hex_intersection, uniq_ijyb
D:6:      layout_layer_cave, chequers_serial_rivers_small_a, uniq_duvessa
D:7:      layout_basic, hangedman_feature_mirror, minmay_shop_damaged

Skill      XL: |  1 |
---------------+----+-----
Fighting       | 3 |  3.0
Spellcasting   | 1 |  1.7
Short Blades   | |  2.0
Dodging        | |  2.4
Stealth        | |  6.0

Action                     || total
---------------------------++-------
  Melee: Short sword       ||    44
         Whip              ||     4
         Punch             ||     1
    Use: Scroll            ||     2
         Potion            ||     1
   Stab: Fleeing           ||     1
 Armour: Leather armour    ||    23
  Dodge: Dodged            ||    26

Table legend: (Time is in decaauts)
 A = Elapsed time spent in this place.
 B = Non-inter-level travel time spent in this place.
 C = Inter-level travel time spent in this place.
 D = Time resting spent in this place.
 E = Time spent auto-exploring this place.
 F = Levels seen in this place.
 G = Mean time per level.
                   A        B        C        D        E       F      G
               +--------+--------+--------+--------+--------+-----+--------+
         Total |    496 |    485 |     11 |     73 |      0 |   3 |  165.3 |
       Dungeon |    496 |    485 |     11 |     73 |      0 |   3 |  165.3 |
               +--------+--------+--------+--------+--------+-----+--------+

Top non-repeatable levels by time:
     D:6: 288 daAuts
     D:5: 166 daAuts
     D:7: 41 daAuts
